 Dungeon Crawl Stone Soup version 0.22-a0-410-g97be04f (webtiles) character file.

297 galech the Bolt Thrower (level 6, 0/53 HPs)
             Began as a Gnoll Wanderer on May 11, 2018.
             Was an Initiate of Okawaru.
             Killed from afar by mortelune's ghost (15 damage)
             ... with a puff of flame
             ... on level 5 of the Dungeon.
             The game lasted 00:06:39 (4238 turns).

galech the Bolt Thrower (Gnoll Wanderer)            Turns: 4238, Time: 00:06:39

Health: 0/53       AC:  5    Str: 18    XL:     6   Next: 35%
Magic:  8/8        EV: 12    Int: 12    God:    Okawaru [......]
Gold:   260        SH:  0    Dex: 15    Spells: 8/8 levels left

rFire    . . .     SeeInvis +   a - +2 hand crossbow
rCold    + . .     Gourm    .   (no shield)
rNeg     . . .     Faith    .   l - +1 robe {rC+}
rPois    .         Spirit   .   (no helmet)
rElec    .         Reflect  .   t - +1 cloak
rCorr    .         Harm     .   (no gloves)
MR       .....                  (no boots)
Stlth    ++........             (no amulet)
HPRegen  0.17/turn              p - ring of see invisible
MPRegen  0.11/turn              (no ring)

@: no status effects
A: distributed training, fangs 1, strong nose
a: Renounce Religion


You were on level 5 of the Dungeon.
You worshipped Okawaru.
Okawaru was noncommittal.
You were not hungry.

You visited 2 branches of the dungeon, and saw 6 of its levels.

You collected 260 gold pieces.

Inventory:

Hand Weapons
 a - a +2 hand crossbow (weapon)
 b - a +0 rapier
 q - a +0 hunting sling
 w - a +0 dagger of freezing
Missiles
 n - 57 arrows
 r - 56 stones (quivered)
Armour
 c - a +0 ring mail
 l - a +1 robe of cold resistance (worn)
 t - a +1 cloak (worn)
Jewellery
 p - a ring of see invisible (left hand)
Scrolls
 d - 7 scrolls of teleportation
 e - a scroll of random uselessness {unknown}
 h - a scroll of blinking {unknown}
 j - 4 scrolls of enchant weapon
 k - a scroll of fear {unknown}
 s - 2 scrolls of immolation {unknown}
 u - 2 scrolls of enchant armour {unknown}
Potions
 g - 2 potions of heal wounds {unknown}
 i - 2 potions of flight {unknown}
 m - 2 potions of curing {unknown}
 o - a potion of agility {unknown}
 v - a potion of might {unknown}
Comestibles
 f - 8 rations


   Skills:
 + Level 6.8 Fighting
 + Level 1.9 Short Blades
 + Level 1.9 Long Blades
 + Level 1.9 Axes
 + Level 1.9 Maces & Flails
 + Level 1.9 Polearms
 + Level 1.9 Staves
 + Level 1.9 Slings
 + Level 1.9 Bows
 + Level 6.8 Crossbows
 + Level 3.2 Throwing
 + Level 4.9 Armour
 + Level 1.9 Dodging
 + Level 1.9 Stealth
 + Level 3.2 Shields
 + Level 1.9 Unarmed Combat
 + Level 1.9 Spellcasting
 + Level 1.5 Conjurations
 + Level 1.5 Hexes
 + Level 1.5 Charms
 + Level 1.5 Summonings
 + Level 1.5 Necromancy
 + Level 1.5 Translocations
 + Level 1.5 Transmutations
 + Level 1.5 Fire Magic
 + Level 1.5 Ice Magic
 + Level 1.5 Air Magic
 + Level 1.5 Earth Magic
 + Level 1.5 Poison Magic
 + Level 2.1 Invocations
 + Level 1.9 Evocations


You had 8 spell levels left.
You didn't know any spells.

Dungeon Overview and Level Annotations

Branches:
Dungeon (5/15)             Temple (1/1) D:4

Altars:
Fedhas
Gozag
Hepliaklqana
Kikubaaqudgha
Nemelex Xobeh
Okawaru
Sif Muna
Trog
Uskayaw
Vehumet
Xom
Yredelemnul
Zin
The Shining One

Annotations:
D:4 Duvessa
D:5 mortelune's ghost, novice DEFE


Innate Abilities, Weirdness & Mutations

Your experience applies equally to all skills.
You have very sharp teeth.
Your uncanny sense of smell can sniff out nearby items.


Message History

You are too injured to fight recklessly!
You are too injured to fight recklessly!
You are too injured to fight recklessly!
You are too injured to fight recklessly!
You are too injured to fight recklessly!
You are too injured to fight recklessly!
You are too injured to fight recklessly!
You are too injured to fight recklessly!
You are too injured to fight recklessly!
You are too injured to fight recklessly!
Mortelune's ghost hits you!
* * * LOW HITPOINT WARNING * * *
You climb upwards.
Level annotation: Duvessa
There is a stone staircase leading down here.
You climb downwards.
Level annotation: mortelune's ghost, novice DEFE Mortelune's ghost casts a spell at you.
The puff of flame hits you!
You die...

#...# #.
###...####..
#.....(.#.#
.$.......#
..W.....#
#.(....#
######.(....#
.......@...<#
##########..#
#


You could see mortelune's ghost.

Vanquished Creatures
  Dowan (D:4)
  2 orc priests (D:4)
  An orc wizard (D:4)
  A worker ant (D:4)
  A hound skeleton (D:4)
  4 adders
  2 worms (D:2)
  2 dart slugs
  5 leopard geckos
  5 orcs (D:4)
  5 giant cockroaches
  7 hobgoblins
  5 jackals
  2 quokkas
  6 bats
  2 frilled lizards
  9 goblins
  8 kobolds
  4 rats
72 creatures vanquished.

Notes
Turn   | Place    | Note
-------+----------+-------------------------------------------
     0 | D:1      | galech the Gnoll Wanderer began the quest for the Orb.
     0 | D:1      | galech set off with: a +2 hand crossbow, 20 bolts, a +0 ring mail, a scroll of teleportation, a ration
     0 | D:1      | Reached XP level 1. HP: 23/23 MP: 1/1
   238 | D:1      | Reached XP level 2. HP: 29/29 MP: 2/2
   764 | D:2      | Reached XP level 3. HP: 35/35 MP: 3/3
   838 | D:2      | Reached skill level 1 in Invocations
  1169 | D:2      | Reached skill level 1 in Short Blades
  1169 | D:2      | Reached skill level 1 in Long Blades
  1169 | D:2      | Reached skill level 1 in Axes
  1169 | D:2      | Reached skill level 1 in Maces & Flails
  1169 | D:2      | Reached skill level 1 in Polearms
  1169 | D:2      | Reached skill level 1 in Staves
  1169 | D:2      | Reached skill level 1 in Slings
  1169 | D:2      | Reached skill level 1 in Bows
  1169 | D:2      | Reached skill level 1 in Dodging
  1169 | D:2      | Reached skill level 1 in Stealth
  1169 | D:2      | Reached skill level 1 in Unarmed Combat
  1169 | D:2      | Reached skill level 1 in Spellcasting
  1169 | D:2      | Reached skill level 1 in Evocations
  1175 | D:2      | Reached XP level 4. HP: 36/41 MP: 5/5
  1849 | D:3      | Reached skill level 1 in Conjurations
  1849 | D:3      | Reached skill level 1 in Hexes
  1849 | D:3      | Reached skill level 1 in Charms
  1849 | D:3      | Reached skill level 1 in Summonings
  1849 | D:3      | Reached skill level 1 in Necromancy
  1849 | D:3      | Reached skill level 1 in Translocations
  1849 | D:3      | Reached skill level 1 in Transmutations
  1849 | D:3      | Reached skill level 1 in Fire Magic
  1849 | D:3      | Reached skill level 1 in Ice Magic
  1849 | D:3      | Reached skill level 1 in Air Magic
  1849 | D:3      | Reached skill level 1 in Earth Magic
  1849 | D:3      | Reached skill level 1 in Poison Magic
  1885 | D:3      | Found a bloodstained altar of Trog.
  1956 | D:3      | Found a basalt altar of Yredelemnul.
  1956 | D:3      | Found a deep blue altar of Sif Muna.
  1957 | D:3      | Found a glowing silver altar of Zin.
  1961 | D:3      | Found a shimmering altar of Xom.
  1961 | D:3      | Found a radiant altar of Vehumet.
  1961 | D:3      | Found a hide-covered altar of Uskayaw.
  1961 | D:3      | Found a glowing golden altar of the Shining One.
  2212 | D:4      | Found a staircase to the Ecumenical Temple.
  2255 | Temple   | Entered the Ecumenical Temple
  2268 | Temple   | Became a worshipper of Warmaster Okawaru
  2296 | D:4      | Reached XP level 5. HP: 47/47 MP: 5/7
  2661 | D:4      | Found an ancient bone altar of Kikubaaqudgha.
  2993 | D:4      | Reached XP level 6. HP: 53/53 MP: 8/8
  3002 | D:4      | Noticed Duvessa
  3002 | D:4      | Noticed Dowan
  3381 | D:5      | Entered Level 5 of the Dungeon
  3381 | D:5      | Noticed mortelune's ghost (novice DEFE)
  3419 | D:4      | Killed Dowan
  4238 | D:5      | Killed from afar by mortelune's ghost

Vault maps used:
D:1:      dpeg_arrival_castle
D:3:      bloody_trog, grunt_temple_overflow_open
D:4:      nicolae_overflow_crystal_walls, minmay_temple_entry_crystal_x,
          first_ration, uniq_duvessa
D:5:      black_bear_nest_1, lemuel_crystal_altar
Temple:   zaba_magenta_temple

Skill      XL: |  1  2  3  4  5  6 |
---------------+-------------------+-----
Invocations    | 1 2 |  2.1
Short Blades   | 1 |  1.9
Long Blades    | 1 |  1.9
Axes           | 1 |  1.9
Maces & Flails | 1 |  1.9
Polearms       | 1 |  1.9
Staves         | 1 |  1.9
Slings         | 1 |  1.9
Bows           | 1 |  1.9
Dodging        | 1 |  1.9
Stealth        | 1 |  1.9
Unarmed Combat | 1 |  1.9
Spellcasting   | 1 |  1.9
Evocations     | 1 |  1.9
Conjurations   | 1 |  1.5
Hexes          | 1 |  1.5
Charms         | 1 |  1.5
Summonings     | 1 |  1.5
Necromancy     | 1 |  1.5
Translocations | 1 |  1.5
Transmutations | 1 |  1.5
Fire Magic     | 1 |  1.5
Ice Magic      | 1 |  1.5
Air Magic      | 1 |  1.5
Earth Magic    | 1 |  1.5
Poison Magic   | 1 |  1.5
Throwing       | 3 |  3.2
Shields        | 3 |  3.2
Fighting       | |  6.8
Crossbows      | |  6.8
Armour         | |  4.9

Action                   |  1- 3 |  4- 6 || total
-------------------------+-------+-------++-------
Melee: Dagger            |       |    15 ||    15
       Rapier            |       |     6 ||     6
       Bite              |       |     4 ||     4
 Fire: Hand crossbow     |    86 |    68 ||   154
Throw: Stone             |       |    62 ||    62
  Use: Scroll            |     2 |       ||     2
  Eat: Chunk             |       |     5 ||     5
       Ration            |       |     2 ||     2
Armor: Ring mail         |     4 |       ||     4
       Robe              |     1 |    14 ||    15
Dodge: Dodged            |    10 |    36 ||    46

Table legend:
 A = Spawn XP
 B = Non-spawn XP
 C = Spawn XP percentage of total XP
 D = Spawn monster count
 E = Non-spawn monster count
 F = Spawn count percentage of total count
 G = Total turns spent on level
                    A         B        C        D         E        F      G
               +---------+---------+-------+---------+---------+-------+---------
         Total |       0 |     425 |   0.0 |       0 |      72 |   0.0 |  4238
               +---------+---------+-------+---------+---------+-------+---------
           D:1 |       0 |      30 |   0.0 |       0 |      16 |   0.0 |   747
           D:2 |       0 |      69 |   0.0 |       0 |      21 |   0.0 |   713
           D:3 |       0 |      54 |   0.0 |       0 |      18 |   0.0 |   921
           D:4 |       0 |     272 |   0.0 |       0 |      17 |   0.0 |  1820
               +---------+---------+-------+---------+---------+-------+---------
